 Dungeon Crawl Stone Soup version 0.21-a0-85-ga0cb861 (webtiles) character file.

14 4thArraOfDagon the Vexing (level 2, -4/19 HPs)
             Began as a Mummy Enchanter on June 25, 2017.
             Slain by an orc
             ... wielding a +0 club
              (8 damage)
             ... on level 4 of the Dungeon.
             The game lasted 00:04:02 (731 turns).

4thArraOfDagon the Vexing (Mummy Enchanter)          Turns: 731, Time: 00:04:03

Health: -4/19      AC:  2    Str: 11    XL:     2   Next: 27%
Magic:  5/5        EV: 12    Int: 16    God:
Gold:   93         SH:  0    Dex: 12    Spells: 3/6 levels left

rFire    . . .     SeeInvis .   a - +1 dagger
rCold    . . .     Gourm    .   (no shield)
rNeg     + + +     Faith    .   b - +0 robe
rPois    ∞         Spirit   .   (no helmet)
rElec    .         Reflect  .   (no cloak)
rCorr    .         Harm     .   (no gloves)
MR       .....                  (no boots)
Stlth    ++........             (no amulet)
HPRegen  0.06/turn              f - +2 ring of intelligence
MPRegen  0.09/turn              g - ring of fire

@: slowed, very slow
A: no food or potions, fire vulnerability, cold resistance 1, negative energy
resistance 3, torment resistance, unbreathing
a: no special abilities


You were on level 4 of the Dungeon.
You were not hungry.

You visited 2 branches of the dungeon, and saw 5 of its levels.

You collected 93 gold pieces.

Inventory:

Hand Weapons
 a - a +1 dagger (weapon)
Armour
 b - a +0 robe (worn)
 e - a +0 ring mail
Jewellery
 f - a +2 ring of intelligence (left hand)
 g - a ring of fire (right hand)
 h - a -3 ring of intelligence
Scrolls
 d - a scroll of identify
Books
 c - a book of Maledictions

   Spells                             Type                      Level
   a - Corona                         Hexes                        1
   b - Ensorcelled Hibernation        Hexes/Ice                    2
   c - Confuse                        Hexes                        3
   d - Tukima's Dance                 Hexes                        3
   e - Dazzling Spray                 Conjuration/Hexes            3


   Skills:
 * Level 1.9 Short Blades
 - Level 1.5 Dodging
 - Level 2.4 Stealth
 - Level 2.6 Spellcasting
 - Level 2.6 Hexes


You had 3 spell levels left.
You knew the following spells:

 Your Spells              Type           Power        Failure   Level  Hunger
a - Corona                Hex            ##.....      6%          1    N/A
b - Ensorcelled Hibernat  Hex/Ice        #.....       17%         2    N/A

Dungeon Overview and Level Annotations

Branches:
Dungeon (4/15)             Temple (1/1) D:4

Altars:
Ashenzari
Cheibriados
Elyvilon
Gozag
Kikubaaqudgha
Makhleb
Nemelex Xobeh
Okawaru
Qazlal
Sif Muna
Uskayaw
Yredelemnul

Shops:
D:4 }[

Annotations:
D:2 Natasha
D:4 Grinder


Innate Abilities, Weirdness & Mutations

You do not eat or drink.
Your flesh is vulnerable to fire.
You are immune to poison.
Your flesh is cold resistant. (rC+)
You are immune to negative energy. (rN+++)
You are immune to unholy pain and torment.
You can survive without breathing.


Message History

Grinder blinks!
Unknown command.
Unknown command.
Unknown command.
You hear a zap.
You hear a grinding noise.
Unknown command.
Unknown command.
Unknown command.
Unknown command.
Unknown command.
Unknown command.
Unknown command.
The orc wizard gestures at you while chanting.
You feel yourself slow down.
Unknown command.
There is a staircase to the Ecumenical Temple here.
Unknown command.
You hear a zap.
Some rock shatters into small pieces.
The orc hits you with a club!
You die...

.###.. ........# ..... ..#...
........##......#........
#.................. #...
#..#.#.#.#.#.#.... #.. ..
#............# ..# ##.
...##..#.......#.###.# #..
#..#.................#####.. ..#
..#..#.#..o@...#.o.....#....
##...
#...#....o.................
....# #...#..J....#.....###.∩##
#...# #.....................## .
#...###.#.#.#.#.#.#.........#
..#...##.................####.##
..........#..............##
#..##
........####...........#..#
##.## .......##
..##.......###.## #...


You could see an orc wizard, an ooze and an orc.

Vanquished Creatures
  A leopard gecko (D:4)
  An orc (Temple)
  3 giant cockroaches (D:3)
  A goblin (D:2)
  A quokka (D:4)
  A kobold (D:2)
  3 rats
11 creatures vanquished.

Notes
Turn   | Place    | Note
-------+----------+-------------------------------------------
     0 | D:1      | 4thArraOfDagon the Mummy Enchanter began the quest for the Orb.
     0 | D:1      | Reached XP level 1. HP: 13/13 MP: 4/4
     5 | D:1      | Noticed a minotaur skeleton
    60 | D:4      | Reached skill level 1 in Short Blades
   135 | D:4      | Found Ykufaal's Armour Shoppe.
   150 | D:4      | Found a staircase to the Ecumenical Temple.
   155 | D:4      | Noticed an orc wizard
   275 | D:2      | Reached XP level 2. HP: 14/19 MP: 5/5
   344 | D:2      | Learned a level 2 spell: Ensorcelled Hibernation
   489 | D:2      | Noticed Natasha
   507 | D:4      | Noticed an ogre
   514 | D:4      | Found Guimm's Gadget Shop.
   576 | Temple   | Entered the Ecumenical Temple
   675 | D:4      | Noticed Grinder
   731 | D:4      | Slain by an orc

Vault maps used:
D:1:      shiori_arrival_whats_in_store_for_you, serial_forest,
          infiniplex_forest_corner_2, infiniplex_forest_clump_double,
          infiniplex_forest_end_double, infiniplex_forest_lined_corner,
          infiniplex_forest_clump_double, infiniplex_forest_end_3,
          infiniplex_forest_lined_4_way, infiniplex_forest_zigzag_1
D:2:      grunt_temple_overflow_order_and_chaos_1, uniq_natasha
D:3:      first_bread
D:4:      minmay_temple_entry_glass, serial_shops, shop, shop_fountains, shop,
          shop, grunt_decor_clamped, uniq_grinder
Temple:   cyrus_circular_temple

Skill      XL: |  1 |
---------------+----+-----
Short Blades   | 1 |  1.9
Dodging        | |  1.5
Stealth        | |  2.4
Spellcasting   | |  2.6
Hexes          | |  2.6

Action                   || total
-------------------------++-------
Melee: Dagger            ||    49
 Cast: Corona            ||     4
       Ensorcelled Hiber ||     3
  Use: Scroll            ||     5
 Stab: Sleeping          ||     2
Armor: Robe              ||    15
Dodge: Dodged            ||    34
